 Dungeon Crawl Stone Soup version 0.28-a0-779-g3d1f99b579 (webtiles) character file.

Game seed: 11823208418833737347

29 ders the Shield-Bearer (level 3, -1/23 HPs)
             Began as a Gargoyle Fighter on Nov 3, 2021.
             Slain by a goblin (2 damage)
             ... led by Robin
             ... on level 2 of the Dungeon.
             The game lasted 00:01:09 (887 turns).

ders the Shield-Bearer (Gargoyle Fighter)            Turns: 887, Time: 00:01:09

Health: -1/23      AC: 10    Str: 20    XL:     3   Next: 16%
Magic:  3/3        EV:  9    Int:  8    God:
Gold:   42         SH:  4    Dex:  9    Spells: 2/2 levels left

rFire   . . .      SeeInvis .   a - +0 flail
rCold   . . .      Faith    .   c - +0 buckler
rNeg    + . .      Spirit   .   b - +0 scale mail
rPois   ∞          Reflect  .   (no helmet)
rElec   +          Harm     .   (no cloak)
rCorr   .          Rampage  .   (no gloves)
Will    .....                   (no boots)
Stlth   ..........              (no amulet)
HPRegen 0.07/turn               (no ring)
MPRegen 0.08/turn               (no ring)

@: no status effects
A: sickness immunity, AC +3, negative energy resistance 1, electricity
resistance, torment resistance 1, petrification resistance
a: no special abilities


You were on level 2 of the Dungeon.
You visited 1 branch of the dungeon, and saw 2 of its levels.

You collected 42 gold pieces.

Inventory:

Hand Weapons
 a - a +0 flail (weapon)
Armour
 b - a +0 scale mail (worn)
 c - a +0 buckler (worn)
Jewellery
 h - an amulet of guardian spirit
Scrolls
 e - 2 scrolls of teleportation {unknown}
 f - 2 scrolls of identify {unknown}
 g - a scroll of acquirement {unknown}
 i - a scroll of summoning {unknown}
Potions
 d - a potion of might


   Skills:
 + Level 3.6 Fighting
 + Level 2.4 Maces & Flails
 + Level 3.6 Armour
 + Level 3.6 Shields


You had 2 spell levels left.
You didn't know any spells.
Your spell library was empty.

Dungeon Overview and Level Annotations

Branches:
Dungeon (2/15)

Altars:

Annotations:
D:2 Robin


Innate Abilities, Weirdness & Mutations

You are immune to sickness and miasma.
Your stone body is resilient. (AC +3)
You are immune to poison.
You resist negative energy. (rN+)
You are resistant to electric shocks. (rElec)
You are resistant to unholy torment.
You are immune to petrification.


Message History

The goblin is severely wounded.
Robin shouts!
You hear a shout!
Robin roars a battlecry!
The goblin goes into a battle-frenzy!
The goblin hits you but does no damage.
You closely miss the goblin.
The goblin is severely wounded.
Robin hits you from afar with a +0 trident.
The goblin hits you but does no damage.
You closely miss the goblin.
The goblin is severely wounded.
You block Robin's attack. The goblin hits you but does no damage.
Robin throws the goblin at you! The goblin hits you but does no damage.
You sock the goblin!
You kill the goblin!
Robin hits you but does no damage.
A goblin comes into view. It is wielding a +0 dagger.
The goblin shouts!
Robin closely misses you.
The goblin moves out of view.
You see here a +0 dagger.
You barely miss Robin. Robin hits you with a +0 trident.
You closely miss Robin. Robin throws the goblin at you!
The goblin hits you with a +0 dagger. Robin barely misses you.
You hit Robin but do no damage. The goblin hits you but does no damage.
Robin hits you with a +0 trident.
You are too injured to fight recklessly!
You are too injured to fight recklessly!
You are too injured to fight recklessly!
You hit the goblin.
The goblin is moderately wounded.
The goblin hits you but does no damage. Robin hits you but does no damage.
The goblin hits you with a +0 dagger.
The goblin no longer looks unusually strong.
Robin hits you from afar with a +0 trident!
* * * LOW HITPOINT WARNING * * *
The goblin hits you but does no damage.
There is a stone staircase leading up here.
Okay, then.
You block Robin's attack. The goblin hits you with a +0 dagger.
You die...

#####
#g)g#
#@#.#
###.#
#g......#
#.g...#.#
#.g#....#
...g.... #
###.......
# ###...
.....


You could see Robin and a goblin.

Vanquished Creatures
  2 ball pythons (D:1)
  3 endoplasms (D:1)
  4 hobgoblins
  A quokka (D:1)
  A bat (D:1)
  3 frilled lizards (D:1)
  8 goblins
  2 kobolds (D:1)
  2 rats (D:1)
26 creatures vanquished.

Notes
Turn   | Place    | Note
-------+----------+-------------------------------------------
     0 | D:1      | ders the Gargoyle Fighter began the quest for the Orb.
     0 | D:1      | Reached XP level 1. HP: 14/14 MP: 1/1
   103 | D:1      | Reached XP level 2. HP: 12/19 MP: 2/2
   658 | D:2      | Noticed Robin
   750 | D:2      | Reached XP level 3. HP: 18/23 MP: 3/3
   886 | D:2      | HP: 1/23 [Robin (7)]
   887 | D:2      | Slain by a goblin

Illustrated notes

Levels and vault maps discovered:
D:1:      minmay_arrival_glassed_features, layout_rooms
D:2:      layout_basic, serial_shops, nicolae_shop_behind_doors,
          roderic_lattice_a, hangedman_decor_clover_reticule,
          minmay_pentomino_t2, uniq_robin

Action                   || total
-------------------------++-------
Melee: Flail             ||    75
Armor: Scale mail        ||    53
Dodge: Dodged            ||    41
Block: Buckler           ||    14

Table legend: (Time is in decaauts)
 A = Elapsed time spent in this place.
 B = Non-inter-level travel time spent in this place.
 C = Inter-level travel time spent in this place.
 D = Time resting spent in this place.
 E = Time spent auto-exploring this place.
 F = Levels seen in this place.
 G = Mean time per level.
                   A        B        C        D        E       F      G
               +--------+--------+--------+--------+--------+-----+--------+
         Total |    912 |    815 |     97 |    337 |    305 |   2 |  456.0 |
       Dungeon |    912 |    815 |     97 |    337 |    305 |   2 |  456.0 |
               +--------+--------+--------+--------+--------+-----+--------+

Top non-repeatable levels by time:
     D:1: 865 daAuts
     D:2: 46 daAuts
